 Dungeon Crawl Stone Soup version 0.26.0-10-g1f06aea511 (webtiles) character file.

Game seed: 15817604876764166705

1327 Borgoz the Slasher (level 8, -2/67 HPs)
             Began as a Ghoul Gladiator on Jan 30, 2021.
             Was an Initiate of Ashenzari.
             Slain by an orc (4 damage)
             ... on level 5 of the Dungeon.
             The game lasted 00:11:47 (6403 turns).

Borgoz the Slasher (Ghoul Gladiator)                Turns: 6403, Time: 00:11:48

Health: -2/67      AC:  5    Str: 18    XL:     8   Next: 60%
Magic:  7/7        EV: 13    Int:  3    God:    Ashenzari [......]
Gold:   340        SH:  0    Dex: 12    Spells: 7/7 levels left

rFire    + . .     SeeInvis +   k - +2 dagger (venom)
rCold    + + .     Faith    .   (no shield)
rNeg     + + +     Spirit   .   g - +0 leather armour
rPois    ∞         Reflect  .   c - +1 helmet
rElec    +         Harm     .   (no cloak)
rCorr    +         Rampage  .   (no gloves)
Will     .....                  (no boots)
Stlth    +.........             f - amulet of regeneration
HPRegen  0.00/turn              o - ring of see invisible
MPRegen  0.10/turn              (no ring)

@: resistant
A: claws 1, cold resistance 1, negative energy resistance 3, inhibited
regeneration, torment resistance, unbreathing
a: Renounce Religion, Curse Item


You were on level 5 of the Dungeon.
You worshipped Ashenzari.
Ashenzari was noncommittal.
You visited 2 branches of the dungeon, and saw 6 of its levels.
You also visited: Sewer.

You collected 340 gold pieces.

Inventory:

Hand Weapons
 a - a +0 long sword
 b - a +2 dagger of speed
 k - a +2 dagger of venom (weapon)
Armour
 c - a +1 helmet (worn)
 g - a +0 leather armour (worn)
Jewellery
 f - an amulet of regeneration (around neck)
 o - a ring of see invisible (left claw)
Scrolls
 e - a scroll of immolation
 n - 5 scrolls of remove curse
 t - a scroll of enchant armour
 w - a scroll of blinking
Potions
 h - a potion of attraction
 j - 2 potions of might
 l - 3 potions of magic
 m - a potion of brilliance
 p - 2 potions of lignification {unknown}
 z - a potion of cancellation {unknown}


   Skills:
 + Level 4.9 Fighting
 * Level 6.0 Long Blades
 - Level 1.7 Throwing
 * Level 5.2 Armour
 + Level 4.6 Dodging


You had 7 spell levels left.
You didn't know any spells.
Your spell library contained the following spells:

 Spells                   Type           Power        Failure   Level
 Animate Skeleton         Necr           0%           56%         1
 Apportation              Tloc           0%           56%         1
 Corona                   Hex            0%           56%         1
 Summon Small Mammal      Summ           0%           56%         1


Dungeon Overview and Level Annotations

Branches:
Dungeon (5/15)             Temple (1/1) D:5           Sewer (visited)

Altars:
Ashenzari
Cheibriados
Dithmenos
Elyvilon
Fedhas
Gozag
Kikubaaqudgha
Makhleb
Nemelex Xobeh
Okawaru
Qazlal
Ru
Trog
Uskayaw
Vehumet
Wu Jian
Xom
Yredelemnul
Zin
The Shining One


Innate Abilities, Weirdness & Mutations

You thrive by killing the living.
You are immune to poison.
You have sharp fingernails.
Your flesh is cold resistant. (rC+)
You are immune to negative energy. (rN+++)
You do not regenerate when monsters are visible.
You are immune to unholy pain and torment.
You can survive without breathing.


Message History

The phantom blinks!
It was a potion of resistance.
You feel protected.
As you read the scroll labelled MUZULIJYUJ, it crumbles to dust.
It is a scroll of enchant armour.
Your +0 helmet glows green for a moment.
The phantom closely misses you.
You aren't carrying any items that you can evoke.
As you read the scroll labelled PUTSUNNAIZEKK, it crumbles to dust.
You feel aware of your surroundings.
It was a scroll of magic mapping.
The phantom barely misses you.
An orc and a skeleton come into view.
The orc shouts!
Found an uncursed hunting sling.
As you read the scroll labelled SEIC QOINEHACIC, it crumbles to dust.
It is a scroll of enchant weapon.
Your +1 dagger of venom glows red for a moment.
The phantom blinks!
You hit the orc but do no damage.
The orc is poisoned.
The orc hits you.
You die...

######### ####
#.......##############...
#.#####.##.............##
#.##.#..##.##############
#.#.#....................
#########..###..##.....#######.##
..........##########..##*****#.#
#########..##.$.@..#..#,.+,,,#.#
#.....#.8o#§.#..#..#,,,#.#
######.#####.Z.#..#..#(.#,,,#.#
##..........#####..#..#..###*#.#
......)####.#......#..#.....,####
##.###.# #.#...†..#..#.....,*#..
#..##.# #.#..#####..#####.,*#.#
##...######.#......#..#.....,*#.#
.##.##...##.#......#..#.....,*#.#


You could see an orc (very poisoned) and a hound skeleton.

Vanquished Creatures
  A sky beast (D:4)
  An ogre (D:3)
  A big kobold (D:2)
  2 bullfrogs (Sewer)
  2 scorpions (D:4)
  A howler monkey (D:4)
  A crimson imp (D:4)
  5 orc priests
  2 hounds (D:5)
  Natasha (D:2)
  4 orc wizards
  4 worker ants
  3 gnolls (D:5)
  16 adders
  A white imp (D:2)
  An ooze (D:5)
  2 worms
  10 leopard geckos
  24 orcs
  8 bats
  11 giant cockroaches
  14 goblins
  15 hobgoblins
  6 jackals
  7 quokkas
  A ball python (Sewer)
  11 frilled lizards
  A jackal zombie (D:2)
  6 kobolds
  7 rats
169 creatures vanquished.

Vanquished Creatures (others)
  6 plants (D:1)
6 creatures vanquished.

Grand Total: 175 creatures vanquished

Notes
Turn   | Place    | Note
-------+----------+-------------------------------------------
     0 | D:1      | Borgoz the Ghoul Gladiator began the quest for the Orb.
     0 | D:1      | Reached XP level 1. HP: 17/17 MP: 0/0
   178 | D:1      | Reached XP level 2. HP: 25/25 MP: 1/1
   256 | D:1      | Reached skill level 3 in Long Blades
   263 | D:1      | Reached skill level 1 in Armour
   537 | D:1      | Reached XP level 3. HP: 30/30 MP: 2/2
  1386 | D:2      | Reached XP level 4. HP: 36/37 MP: 3/3
  1396 | D:2      | Found a transporter.
  1396 | D:2      | Noticed a big kobold
  1494 | D:2      | Found a transporter.
  1539 | D:2      | Noticed Natasha
  1555 | D:2      | Killed Natasha
  1680 | D:2      | Found a glowing golden altar of the Shining One.
  1692 | D:2      | Killed a big kobold
  1693 | D:2      | Reached XP level 5. HP: 22/45 MP: 4/4
  2140 | D:3      | Noticed an ogre
  2153 | D:3      | Killed an ogre
  2154 | D:3      | Reached skill level 4 in Long Blades
  2154 | D:3      | Reached XP level 6. HP: 44/51 MP: 5/5
  2795 | D:3      | Found an ancient bone altar of Kikubaaqudgha.
  2815 | D:3      | Reached XP level 7. HP: 58/58 MP: 6/6
  3228 | D:4      | Found a glowing drain.
  3313 | D:4      | Reached skill level 5 in Long Blades
  3341 | Sewer    | Entered a sewer
  4475 | D:4      | Reached XP level 8. HP: 66/66 MP: 7/7
  4520 | D:4      | Found a burning altar of Makhleb.
  5056 | D:5      | Entered Level 5 of the Dungeon
  5104 | D:5      | Found a glowing silver altar of Zin.
  5107 | D:5      | Found an ornate altar of the Wu Jian Council.
  5110 | D:5      | Found a hide-covered altar of Uskayaw.
  5232 | D:5      | Found an iron altar of Okawaru.
  5403 | D:5      | Found a staircase to the Ecumenical Temple.
  5444 | Temple   | Entered the Ecumenical Temple
  5605 | Temple   | Became a worshipper of Ashenzari the Shackled
  5879 | D:5      | Reached skill level 5 in Armour
  5909 | D:5      | HP: 2/67 [worker ant (2)]
  6213 | D:5      | Reached skill level 6 in Long Blades
  6394 | D:5      | HP: 2/67 [phantom (8)]
  6403 | D:5      | Slain by an orc

Illustrated notes

Levels and vault maps discovered:
D:1:      kennysheep_arrival_seaside, layout_loops_cross, serial_bayou,
          serial_bayou_pond_c, serial_bayou_crossing, serial_bayou_shore_b,
          serial_bayou_shore_a, serial_bayou_lagoon_a, serial_bayou_pond_e,
          minivault_23, st_stairs_6, hangedman_decor_riveting
D:2:      layout_rooms, gammafunk_temple_overflow_arena, uniq_natasha,
          uniq_crazy_yiuf_cottage
D:3:      layout_basic, lemuel_crystal_altar, minmay_joined_circles
D:4:      layout_rooms, makhleb_grotto_becter, portal_sewer_entry_f
D:5:      kennysheep_windowed_halls, layout_loops_ring,
          grunt_temple_overflow_cloverleaf, temple_statues
Temple:   dshaligram_water_room_temple

Skill      XL: |  1  2  3  4  5  6  7  8 |
---------------+-------------------------+-----
Long Blades    | 3 4 5 6 |  6.0
Armour         | 1 2 3 4 5 |  5.2
Dodging        | 3 4 |  4.6
Fighting       | 3 4 |  4.9
Throwing       | |  1.7

Action                   |  1- 3 |  4- 6 |  7- 9 || total
-------------------------+-------+-------+-------++-------
Melee: Long sword        |    50 |       |       ||    50
       Dagger            |    69 |   232 |   427 ||   728
Throw: Throwing net      |       |     2 |     2 ||     4
  Use: Potion            |       |     1 |    10 ||    11
       Scroll            |       |       |     9 ||     9
Armor: Leather armour    |    50 |    51 |    80 ||   181
Dodge: Dodged            |    99 |   133 |   250 ||   482
       Rpst.: Long sword |    14 |       |       ||    14
